 Dungeon Crawl Stone Soup version 0.26-a0-264-g3a471323bd (webtiles) character file.

Game seed: 2402212910557478840

1903 Niddhogr the Tainter (level 9, -3/62 HPs)
             Began as a Formicid Venom Mage on July 10, 2020.
             Was a Plaything of Xom.
             Killed from afar by a wight (10 damage)
             ... with an iceblast
             ... on level 6 of the Dungeon on July 11, 2020.
             The game lasted 00:38:09 (9009 turns).

Niddhogr the Tainter (Formicid Venom Mage)          Turns: 9009, Time: 00:38:10

Health: -3/62      AC:  4    Str: 13    XL:     9   Next: 38%
Magic:  16/16      EV: 10    Int: 18    God:    Xom [..*...]
Gold:   303        SH:  3    Dex: 11    Spells: 3/18 levels left

rFire    . . .     SeeInvis +   q - +0 trident
rCold    + . .     Faith    .   y - +0 buckler
rNeg     . . .     Spirit   .   v - +1 robe {rC+} {rC+}
rPois    .         Reflect  .   (helmet unavailable)
rElec    .         Harm     .   (no cloak)
rCorr    .                      (no gloves)
MR       .....                  u - +0 pair of boots
Stlth    +.........             (no amulet)
HPRegen  0.20/turn              (no ring)
MPRegen  0.15/turn              (no ring)

@: extremely drained
A: permanent stasis, dig shafts and tunnels, four strong arms, antennae 3
a: Dig, Shaft Self, Renounce Religion


You were on level 6 of the Dungeon.
You worshipped Xom.
You were a toy of Xom.
You were not hungry.

You visited 2 branches of the dungeon, and saw 7 of its levels.

You collected 303 gold pieces.

Inventory:

Hand Weapons
 q - a +0 trident (weapon)
 w - a +2 vorpal flail
 E - a +0 whip of flaming
Missiles
 d - 52 poisoned darts
 n - 5 atropa-tipped darts
 D - a throwing net {=f}
 F - 6 datura-tipped darts
 Q - 22 arrows
Armour
 o - a +1 ring mail of positive energy
 u - a +0 pair of boots (worn)
 v - a +1 robe of cold resistance (worn) {rC+}
 y - a +0 buckler (worn)
 B - a cursed +0 robe
Wands
 i - a wand of iceblast (6)
Scrolls
 b - 2 scrolls of amnesia
 p - a scroll of fog {unknown}
 s - a scroll of fear {unknown}
 t - 3 scrolls of teleportation
 x - 3 scrolls of immolation {!r}
 z - a scroll of magic mapping {unknown}
 A - a scroll of noise {unknown}
Potions
 a - a potion of stabbing {unknown}
 e - a potion of cancellation {unknown}
 f - 2 potions of mutation {!q}
 g - 2 potions of might {unknown}
 h - 2 potions of invisibility
 k - 2 potions of berserk rage {!q}
 l - a potion of magic {unknown}
 m - a potion of resistance {unknown}
 C - a potion of ambrosia {unknown}
Comestibles
 c - 17 rations


   Skills:
 * Level 2.6(0.0) Fighting
 + Level 6.7(0.4) Polearms
 - Level 1.7(0.0) Dodging
 - Level 2.4(0.0) Stealth
 - Level 3.0(0.0) Shields
 - Level 5.0(0.0) Spellcasting
 - Level 1.1(0.0) Transmutations
 - Level 10.1(3.2) Poison Magic


You had 3 spell levels left.
You knew the following spells:

 Your Spells              Type           Power        Failure   Level
a - Sting                 Tmut/Pois      #...         19%         1
b - Poisonous Vapours     Pois/Air       #.....       28%         2
c - Ignite Poison         Fire/Tmut/Pois #.......     56%         3
d - Olgreb's Toxic Radia  Pois           ##......     67%         4
g - Apportation           Tloc           #.....       36%         1
x - Mephitic Cloud        Conj/Pois/Air  #.......     56%         3
A - Animate Skeleton      Necr           #.....       36%         1

Your spell library contained the following spells:

 Spells                   Type           Power        Failure   Level
 Corona                   Hex            #......      36%         1
 Summon Small Mammal      Summ           #...         36%         1


Dungeon Overview and Level Annotations

Branches:
Dungeon (6/15)             Temple (1/1) D:4

Altars:
Ashenzari
Cheibriados
Dithmenos
Elyvilon
Fedhas
Gozag
Hepliaklqana
Kikubaaqudgha
Makhleb
Nemelex Xobeh
Qazlal
Ru
Sif Muna
Trog
Uskayaw
Wu Jian
Xom
Yredelemnul
Zin

Annotations:
D:4 Grinder


Innate Abilities, Weirdness & Mutations

You cannot be hasted, slowed, berserked, paralysed or teleported.
You can dig through walls and to a lower floor.
Your four strong arms can wield two-handed weapons with a shield.
You have a pair of large antennae on your head. (SInv)


Message History

Unknown command.
You are too injured to fight recklessly!
Unknown command.
Unknown command.
You barely miss the wight.
The wight hits you with a cursed +0 war axe!
* * * LOW HITPOINT WARNING * * *
You feel drained.
* * * LOW HITPOINT WARNING * * *
You take 12 damage, and have 22/62 hp.
The wight hits you with a cursed +0 war axe!
* * * LOW HITPOINT WARNING * * *
You take 8 damage, and have 14/62 hp.
The wight zaps a wand.
The mass of ice explodes!
The iceblast engulfs you! You partially resist.
* * * LOW HITPOINT WARNING * * *
You take 9 damage, and have 5/62 hp.
The wight zaps a wand.
The mass of ice explodes!
The iceblast engulfs you! You partially resist.
You die...

##.#.####.........<........
......# #.....(z..........
......###.............>..
......##................
.>.......#########.....#
.........#...#...#.....#
.........#.#.#.#.#.....#
.........#.#.#.#.#{....#
.........#.#.#.#@#z....#
.........#.#.#.#.#.....#
.........#.#.#.#.#z....#
.........#.#.#.#.#{....#
#..........#...#.z.....#
#........#########.....#
########............####
######.......# #########


You could see a wight.

Levels and vault maps discovered:
D:1:      evilmike_arrival_rings, layout_rooms
D:2:      layout_basic
D:3:      layout_loops_corners, lemuel_round_altar, first_ration,
          kb_xom_exploding_sheep
D:4:      layout_cave_pods, lemuel_coloured_pillars_altar,
          minmay_temple_entry_grid, uniq_grinder
D:5:      layout_rooms, old_standard_altar, kiku_gazebo_garden_becter,
          minmay_parallelograms, uniq_pikel
D:6:      layout_basic, zin_angel, minivault_27
Temple:   zaba_magenta_temple

Notes
Turn   | Place    | Note
-------+----------+-------------------------------------------
     0 | D:1      | Niddhogr the Formicid Venom Mage began the quest for the
                  | Orb.
     0 | D:1      | Reached XP level 1. HP: 13/13 MP: 3/3
    94 | D:1      | Identified a +0 whip (You found it on level 1 of the
                  | Dungeon)
   314 | D:1      | Identified a +0 club
   318 | D:1      | Reached XP level 2. HP: 15/19 MP: 3/5
   418 | D:1      | Learned a level 2 spell: Poisonous Vapours
   430 | D:1      | Identified a +0 club
   449 | D:1      | Reached skill level 5 in Poison Magic
   670 | D:1      | Identified a ring of slaying (You found it on level 1 of
                  | the Dungeon)
   796 | D:1      | Identified 2 scrolls of teleportation
   797 | D:1      | Identified a scroll of identify
   797 | D:1      | Identified a scroll of amnesia
   870 | D:2      | Identified a scroll of enchant armour
   887 | D:2      | Identified a scroll of remove curse
  1045 | D:2      | Reached XP level 3. HP: 20/24 MP: 0/6
  1346 | D:2      | Identified a +0 dagger
  1347 | D:2      | Reached skill level 6 in Poison Magic
  1385 | D:2      | You fall into a shaft and drop 1 floor!
  1407 | D:3      | Identified a +0 flail
  1559 | D:2      | Identified a +0 dagger
  1574 | D:2      | Reached XP level 4. HP: 26/30 MP: 4/7
  1765 | D:2      | Identified a +0 dagger
  2162 | D:3      | Identified a +0 club
  2244 | D:3      | Identified 3 potions of invisibility
  2245 | D:3      | Identified 2 potions of mutation
  2246 | D:3      | Identified 2 potions of berserk rage
  2326 | D:3      | Identified a +0 pair of boots (You found it on level 3 of
                  | the Dungeon)
  2326 | D:3      | Found a bloodstained altar of Trog.
  2501 | D:3      | Identified a +0 spear
  2504 | D:3      | Identified a +0 spear
  2590 | D:3      | Learned a level 3 spell: Mephitic Cloud
  2640 | D:3      | Noticed a dream sheep
  2640 | D:3      | Noticed a dream sheep
  2640 | D:3      | Noticed a dream sheep
  2640 | D:3      | Noticed a dream sheep
  2640 | D:3      | Noticed a dream sheep
  2640 | D:3      | Found a shimmering altar of Xom.
  2643 | D:3      | Killed a dream sheep
  2643 | D:3      | Killed a dream sheep
  2643 | D:3      | Killed a dream sheep
  2643 | D:3      | Killed a dream sheep
  2643 | D:3      | Reached skill level 7 in Poison Magic
  2643 | D:3      | Reached XP level 5. HP: 35/35 MP: 5/8
  2645 | D:3      | Killed a dream sheep
  2790 | D:3      | Reached skill level 1 in Polearms
  2843 | D:3      | Identified a +0 dagger
  2948 | D:3      | Identified a +1 robe of cold resistance (You found it on
                  | level 3 of the Dungeon)
  2949 | D:3      | Identified a potion of curing
  3305 | D:4      | Identified a +0 hand axe
  3305 | D:4      | Identified a +0 leather armour
  3305 | D:4      | Identified a cursed +0 leather armour
  3306 | D:4      | Identified a +0 mace
  3306 | D:4      | Identified a +0 ring mail
  3459 | D:4      | Noticed Grinder
  3489 | D:4      | Identified a +0 hand axe
  3489 | D:4      | Identified a +0 leather armour
  3492 | D:4      | Found a staircase to the Ecumenical Temple.
  3512 | Temple   | Entered the Ecumenical Temple
  3576 | Temple   | Became a worshipper of Xom of Chaos
  3649 | D:4      | XOM: silly message
  3655 | D:4      | XOM: potion effect (might)
  3660 | D:4      | Reached skill level 2 in Polearms
  3660 | D:4      | Reached XP level 6. HP: 34/41 MP: 7/9
  3691 | D:4      | Identified a +0 short sword
  3974 | D:4      | Found a white marble altar of Elyvilon.
  4007 | D:4      | XOM: cloud trail
  4054 | D:4      | Identified a +2 vorpal flail
  4054 | D:4      | Identified a +0 club
  4054 | D:4      | Identified a +0 club
  4090 | D:4      | Identified a +0 club
  4182 | D:4      | Reached skill level 8 in Poison Magic
  4284 | D:4      | Identified a +0 ring mail
  4285 | D:4      | Identified a +0 dagger
  4285 | D:4      | Identified a +0 robe
  4286 | D:4      | Identified a +0 dagger
  4286 | D:4      | Identified a +0 robe
  4314 | D:4      | Reached skill level 3 in Polearms
  4314 | D:4      | Reached skill level 1 in Shields
  4575 | D:4      | Identified a +0 mace
  4575 | D:4      | Identified a +0 club
  4575 | D:4      | Identified a +0 chain mail
  4891 | D:4      | Identified a +0 club
  4891 | D:4      | Identified a +0 leather armour
  4908 | D:4      | Learned a level 3 spell: Ignite Poison
  5040 | D:4      | XOM: enchant monster (good)
  5046 | D:4      | Reached XP level 7. HP: 33/46 MP: 7/10
  5066 | D:4      | XOM: destruction
  5129 | D:5      | Entered Level 5 of the Dungeon
  5139 | D:5      | Identified a +0 mace
  5139 | D:5      | Identified a +0 ring mail
  5230 | D:5      | Reached skill level 2 in Shields
  5234 | D:5      | Identified a +0 giant club
  5240 | D:5      | XOM: silly message
  5304 | D:5      | XOM: divination: detect creatures
  5333 | D:5      | XOM is BORED!
  5333 | D:5      | XOM: silly message
  5428 | D:5      | Found an ancient bone altar of Kikubaaqudgha.
  5448 | D:5      | Reached skill level 3 in Shields
  5454 | D:5      | Identified a +0 buckler (You found it on level 4 of the
                  | Dungeon)
  5646 | D:5      | Identified 2 potions of heal wounds
  5659 | D:5      | XOM: noise
  5792 | D:5      | XOM: potion effect (invisibility)
  5800 | D:5      | Reached skill level 4 in Polearms
  5800 | D:5      | Reached skill level 9 in Poison Magic
  5800 | D:5      | Reached XP level 8. HP: 43/52 MP: 5/11
  5873 | D:5      | Found a hazy altar of Hepliaklqana.
  5973 | D:5      | Identified a +0 whip of flaming
  5973 | D:5      | Identified a +0 robe
  5973 | D:5      | Noticed Pikel
  6002 | D:5      | Killed Pikel
  6002 | D:5      | Reached skill level 5 in Polearms
  6002 | D:5      | Reached skill level 10 in Poison Magic
  6348 | D:6      | Found a glowing silver altar of Zin.
  6348 | D:6      | Identified a +3 whip of holy wrath
  6348 | D:6      | Identified a +0 robe
  6348 | D:6      | Noticed an angel
  6372 | D:6      | XOM: confuse monster(s)
  6380 | D:6      | Reached skill level 3 in Spellcasting
  6431 | D:6      | Learned a level 4 spell: Olgreb's Toxic Radiance
  6460 | D:6      | XOM: silly message
  6515 | D:6      | Identified a cursed +0 flail
  6515 | D:6      | Identified a +0 robe
  6519 | D:6      | Identified a cursed +0 mace
  6519 | D:6      | Identified a +0 robe
  6524 | D:6      | Reached skill level 6 in Polearms
  6538 | D:6      | XOM: noise
  6546 | D:5      | XOM: noise
  6589 | D:5      | XOM: butterfly on damage
  6622 | D:5      | HP: 9/52 [wight/cursed +0 flail (5)]
  6625 | D:5      | XOM: potion effect (brilliance)
  6674 | D:5      | HP: 10/52 [wight/cursed +0 flail (4)]
  6674 | D:5      | XOM: smoke on damage
  6678 | D:5      | XOM: confuse monster(s)
  6686 | D:5      | Reached XP level 9. HP: 14/57 MP: 14/14
  6788 | D:6      | Identified a +4 great sword
  6788 | D:6      | Identified a +0 robe
  6788 | D:6      | Identified a +3 war axe
  6788 | D:6      | Identified a +0 robe
  6788 | D:6      | Identified a +3 short sword
  6788 | D:6      | Identified a +0 robe
  6788 | D:6      | Identified a +0 hand axe
  6788 | D:6      | Identified a +0 robe
  6850 | D:6      | Identified a +0 trident (You found it on level 6 of the
                  | Dungeon)
  6877 | D:6      | Reached skill level 4 in Spellcasting
  6881 | D:6      | Identified a +0 giant club
  6885 | D:6      | Identified a +0 short sword
  6885 | D:6      | Identified a +0 robe
  6900 | D:6      | HP: 12/57 [bullfrog (4)]
  6912 | D:6      | XOM: potion effect (invisibility)
  6916 | D:6      | XOM: divination: detect items
  6952 | D:6      | XOM: silly message
  6965 | D:5      | HP: 13/57 [wight/cursed +0 mace (7)]
  6968 | D:5      | HP: 2/57 [wight/cursed +0 mace (10)]
  6977 | D:5      | HP: 1/57 [wight/cursed +0 mace (9)]
  6990 | D:5      | Xom revived you
  6990 | D:5      | HP: 7/57 [wight/cursed +0 mace (2)]
  7052 | D:4      | XOM: potion effect (might)
  7325 | D:5      | Found an ancient bone altar of Kikubaaqudgha.
  7353 | D:5      | Found a hazy altar of Hepliaklqana.
  7605 | D:5      | XOM: divination: detect items
  7641 | D:5      | XOM: god gift: helmet {god gift}
  7758 | D:6      | Identified a cursed +0 morningstar
  7758 | D:6      | Identified a +0 robe
  7779 | D:6      | Reached skill level 5 in Spellcasting
  7794 | D:6      | Reached skill level 1 in Fighting
  7816 | D:6      | Identified 3 scrolls of immolation
  7825 | D:6      | Learned a level 1 spell: Animate Skeleton
  7827 | D:6      | Learned a level 1 spell: Apportation
  8159 | D:6      | Reached skill level 2 in Fighting
  8218 | D:6      | XOM: potion effect (heal wounds)
  8243 | D:6      | HP: 15/61 [wight/+0 hand axe (5)]
  8243 | D:6      | HP: 5/61 [wight/+0 hand axe (9)]
  8249 | D:6      | HP: 2/61 [wight/+0 hand axe (4)]
  8307 | D:6      | HP: 2/61 [wight/+0 hand axe (11)]
  8342 | D:6      | XOM: divination: detect items
  8344 | D:6      | HP: 5/61 [wight/+0 hand axe (4)]
  8990 | D:6      | Identified a cursed +0 war axe
  8990 | D:6      | Identified a +0 robe
  9000 | D:6      | HP: 14/62 [wight/cursed +0 war axe (8)]
  9001 | D:6      | HP: 5/62 [wight/iceblast (9)]
  9009 | D:6      | Killed from afar by a wight

Table legend:
 A = Turns spent in this place as a percentage of turns spent in the entire game.
 B = Non-inter-level travel turns spent in this place as a percentage of non-inter-level travel turns spent in the entire game.
 C = Inter-level travel turns spent in this place as a percentage of turns spent in this place.
 D = Turns resting spent in this place as a percentage of non-inter-level travel turns spent in this place.
 E = Turns spent auto-exploring this place as a percentage of non-inter-level travel turns spent in this place.
 F = Non-inter-level travel turns spent in this place divided by the number of levels of this place that you've seen.
                   A       B       C       D       E      F
               +-------+-------+-------+-------+-------+----------------------
         Total | 100.0 | 100.0 |   1.9 |   4.9 |  71.1 | 1263.1
       Dungeon |  99.2 |  99.2 |   1.9 |   5.0 |  71.7 | 1462.2
        Temple |   0.8 |   0.8 |   0.0 |   0.0 |   0.0 |  69.0
               +-------+-------+-------+-------+-------+----------------------

Table legend:
 A = Kills in this place as a percentage of kills in entire the game.
 B = Kills by you in this place as a percentage of kills by you in the entire game.
 C = Kills by friends in this place as a percentage of kills by friends in the entire game.
 D = Other kills in this place as a percentage of other kills in the entire game.
 E = Experience gained in this place as a percentage of experience gained in the entire game.
 F = Experience gained in this place divided by the number of levels of this place that you have seen.
                   A       B       C       D       E      F
               +-------+-------+-------+-------+-------+----------------------
         Total | 100.0 | 100.0 |   N/A | 100.0 | 100.0 | 388.4
       Dungeon | 100.0 | 100.0 |   N/A | 100.0 | 100.0 | 453.2
               +-------+-------+-------+-------+-------+----------------------

Skill      XL: |  1  2  3  4  5  6  7  8  9 |
---------------+----------------------------+-----
Poison Magic   | 5 6 7 8 9 10 | 10.1
Polearms       | 2 3 4 6 |  6.7
Shields        | 1 3 |  3.0
Spellcasting   | 3 5 |  5.0
Fighting       | 2 |  2.6
Dodging        | |  1.7
Stealth        | |  2.4
Transmutations | |  1.1

Action                   |  1- 3 |  4- 6 |  7- 9 || total
-------------------------+-------+-------+-------++-------
Melee: Unarmed           |     9 |       |       ||     9
       Whip              |    49 |    12 |       ||    61
       Spear             |       |   145 |   150 ||   295
       Trident           |       |       |    91 ||    91
Throw: Stone             |     4 |       |       ||     4
       Dart              |     1 |       |     4 ||     5
       Javelin           |       |       |    16 ||    16
 Cast: Sting             |    28 |    33 |    18 ||    79
       Poisonous Vapours |     1 |    16 |    22 ||    39
       Mephitic Cloud    |       |       |     7 ||     7
 Abil: Dig               |       |       |     7 ||     7
  Use: Scroll            |     4 |     4 |     2 ||    10
       Potion            |       |       |     4 ||     4
 Stab: Sleeping          |       |     2 |     1 ||     3
       Confused          |       |       |     4 ||     4
       Invisible         |       |       |     4 ||     4
  Eat: Ration            |     1 |     3 |     3 ||     7
Armor: Robe              |    15 |    17 |    37 ||    69
Dodge: Dodged            |    54 |    77 |    99 ||   230
Block: Buckler           |       |       |    14 ||    14

Vanquished Creatures
  Pikel (D:5)
  A dream sheep (D:3)
  A sky beast (D:5)
  A black bear (D:6)
  2 ogres
  A lemure (D:5)
  2 bullfrogs (D:6)
  4 scorpions
  6 wights
  3 howler monkeys
  A bullfrog skeleton (D:4)
  An iguana (D:6)
  2 orc wizards (D:4)
  3 worker ants
  2 hound zombies
  7 adders
  8 gnolls
  A shadow imp (D:5)
  A white imp (D:6)
  An ufetubus (D:5)
  2 worms (D:4)
  A dart slug (D:1)
  4 leopard geckos
  15 orcs
  4 bats
  3 giant cockroaches
  8 goblins
  4 hobgoblins
  2 jackals (D:4)
  3 quokkas (D:6)
  2 ball pythons
  A frilled lizard (D:3)
  3 kobolds
  A leopard gecko skeleton (D:5)
  2 rats
104 creatures vanquished.

Vanquished Creatures (others)
  4 dream sheep (D:3)
4 creatures vanquished.

Grand Total: 108 creatures vanquished
